 Dungeon Crawl Stone Soup version 0.29.1-2-gbd0b4ee654 (webtiles) character file.

Game seed: 13898403693879950746

63 Descartes the Cutter (level 3, -5/19 HPs)
             Began as a Spriggan Chaos Knight on Nov 29, 2022.
             Was a Plaything of Xom.
             Killed from afar by Natasha (6 damage)
             ... with a magic dart
             ... on level 2 of the Dungeon.
             The game lasted 00:01:27 (1168 turns).

Descartes the Cutter (Spriggan Chaos Knight)        Turns: 1168, Time: 00:01:29

Health: -5/19      AC:  5    Str: 10    XL:     3   Next: 87%
Magic:  4/4        EV: 18    Int: 13    God:    Xom [..*...]
Gold:   98         SH:  0    Dex: 14    Spells: 2/2 levels left

rFire   + . .      SeeInvis +   a - +0 short sword (chaos)
rCold   + . .      Faith    .   (no shield)
rNeg    . . .      Spirit   .   b - +2 robe
rPois   +          Reflect  .   (helmet restricted)
rElec   +          Harm     .   k - +0 cloak
rCorr   +          Rampage  .   (gloves unavailable)
Will    .....                   (boots unavailable)
Stlth   ++........              (no amulet)
HPRegen 0.06/turn               g - ring of poison resistance
MPRegen 0.09/turn               (no ring)

@: resistant, very quick
A: very small, no large weapons, unfitting armour, see invisible, speed 3
a: Renounce Religion


You were on level 2 of the Dungeon.
You worshipped Xom.
You were a toy of Xom.
You visited 1 branch of the dungeon, and saw 2 of its levels.

You collected 98 gold pieces.

Inventory:

Hand Weapons
 a - a +0 short sword of chaos (weapon)
Missiles
 j - 5 poisoned darts
Armour
 b - a +2 robe (worn)
 k - a +0 cloak (worn)
Jewellery
 g - a ring of poison resistance (left hand)
Scrolls
 e - a scroll of fear {unknown}
 h - 2 scrolls of enchant armour {unknown}
 n - a scroll of identify {unknown}
Potions
 d - a potion of lignification {unknown}
 f - 2 potions of heal wounds {unknown}
 i - a potion of might {unknown}
 l - a potion of berserk rage {unknown}
 m - a potion of resistance
Miscellaneous
 c - a piece from Xom's chessboard (15/15) (quivered)


   Skills:
 + Level 2.6 Fighting
 * Level 3.9 Short Blades
 + Level 3.8 Dodging
 * Level 3.1 Stealth
 + Level 1.3 Evocations


You had 2 spell levels left.
You didn't know any spells.
Your spell library contained the following spells:

 Spells                   Type           Power      Damage    Failure   Level
 Summon Guardian Golem    Hex/Summ       0%         N/A       67%         3
 Orb of Destruction       Conj           0%         9d5       100%        7
 Spellforged Servitor     Conj/Summ      0%         N/A       100%        7


Dungeon Overview and Level Annotations

Branches:
Dungeon (2/15)

Altars:

Shops:
D:2 (

Annotations:
D:2 Natasha


Innate Abilities, Weirdness & Mutations

You are very small and have problems with some larger weapons.
You are too small for most types of armour.
You have supernaturally acute eyesight. (SInv)
You cover ground extremely quickly. (Speed+++)


Message History

The giant cockroach is moderately wounded.
The giant cockroach barely misses you. The hobgoblin closely misses you.
You hit the giant cockroach but do no damage.
You drain the giant cockroach.
You kill the giant cockroach!
The hobgoblin misses you.
You barely miss the hobgoblin.
The hobgoblin hits you but does no damage.
You closely miss the hobgoblin.
The hobgoblin hits you but does no damage.
You barely miss Natasha. Natasha claws you.
You hit Natasha.
Natasha is lightly wounded.
The hobgoblin barely misses you. Natasha claws you but does no damage.
You closely miss Natasha.
Natasha is lightly wounded.
The hobgoblin misses you. Natasha barely misses you.
You completely miss Natasha.
Natasha is lightly wounded.
The hobgoblin closely misses you. Natasha claws you but does no damage.
You closely miss Natasha.
Natasha is lightly wounded.
The hobgoblin hits you. Natasha misses you.
You hit Natasha.
Natasha flickers and vanishes for a moment.
Natasha is moderately wounded.
The hobgoblin misses you.
Natasha stares at you and mumbles some strange words.
The magic dart hits you!
Ouch! That really hurt!
* * * LOW HITPOINT WARNING * * *
It was a potion of resistance.
You feel protected.
Xom thinks this is hilarious!
The hobgoblin barely misses you.
Natasha growls.
Natasha stares at you and mumbles some strange words.
The magic dart hits you.
You die...
Xom guffaws!

. ##......## #.
###....##### #.#
####...(### #
#..#######......##
. ...#.........##
..
#####.#.###...###
### #B......#
##### # #.#..#..##
#. #.h@# # ##..g∩#
#.##$# #.# ..# ..#
>.. .### .### . #
#


You could see Natasha (invisible) and a hobgoblin.

Vanquished Creatures
  Natasha (D:2)
  An adder (D:2)
  A worm (D:2)
  2 ball pythons
  A bat (D:1)
  3 endoplasms
  A giant cockroach (D:2)
  4 hobgoblins
  3 kobolds
  A quokka (D:2)
  A frilled lizard (D:1)
  A goblin (D:2)
  7 rats
27 creatures vanquished.

Notes
Turn   | Place    | Note
-------+----------+-------------------------------------------
     0 | D:1      | Descartes the Spriggan Chaos Knight began the quest for the
                  | Orb.
     0 | D:1      | Reached XP level 1. HP: 11/11 MP: 2/2
    33 | D:1      | Found a faded altar of an unknown god.
    97 | D:1      | Reached skill level 1 in Stealth
   221 | D:1      | Reached XP level 2. HP: 16/16 MP: 3/3
   798 | D:2      | XOM: silly message
   857 | D:2      | Reached skill level 1 in Evocations
   873 | D:2      | Noticed Natasha
   878 | D:2      | XOM: silly message
   885 | D:2      | Killed Natasha
   886 | D:2      | Reached XP level 3. HP: 13/19 MP: 4/4
  1138 | D:2      | Found Townuddo's Weapon Emporium.
  1157 | D:2      | Noticed Natasha
  1168 | D:2      | Killed from afar by Natasha

Illustrated notes

Levels and vault maps discovered:
D:1:      tarquinn_simple_flora_water_f, layout_rooms,
          dreamdust_ecumenical_altar_statues
D:2:      layout_basic, serial_shops, shop, serial_curves, eino_curves_02,
          eino_curves_01, uniq_natasha

Skill      XL: |  1  2  3 |
---------------+----------+-----
Stealth        | 1 2 3 |  3.1
Evocations     | 1 |  1.3
Fighting       | |  2.6
Short Blades   | |  3.9
Dodging        | |  3.8

Action                   || total
-------------------------++-------
Melee: Short sword       ||    91
  Use: Potion            ||     1
 Stab: Sleeping          ||     4
Armor: Robe              ||    14
Dodge: Dodged            ||    78
